Map: Battle on the Boardwalk LE

Players

Erfeyah - Winner!

  • Race: Protoss Protoss
  • Spawn Location: 11:00

A.I. 1 (Easy)

  • Race: Terran Terran
  • Spawn Location: 1:00

VOD

Have the link to the VOD?

Description

Time

  • Played on: Nov. 15, 2017, 5:35 p.m.
  • Length: 56:07
Show
View Real Time Build Order
Export as new Build Order

Erfeyah Protoss - Winner!

Build Orders:  

Get SALT Encoding   

  12  0:06  Probe  
  13  0:18  Probe  
  14  0:30  Probe  
  15  0:42  Pylon  
  15  1:00  Probe  
  16  1:05  Gateway  
  16  1:36  Gateway  
  16  1:39  Gateway  
  16  1:58  Assimilator  
  16  2:02  Assimilator  
  16  2:11  Zealot  
  18  2:21  Probe  
  19  2:38  Zealot  
  21  2:46  Zealot  
  23  3:10  Pylon  
  23  3:28  Zealot x3  
  23  3:29  Pylon  
  29  3:55  Zealot  
  31  4:14  Zealot  
  31  4:15  Zealot  
  35  4:22  Zealot  
  37  4:41  Cybernetics Core, Zealot  
  39  5:52  Pylon  
  39  6:10  Probe  
  40  6:17  Sentry  
  40  6:18  Sentry x2  
  46  6:22  Probe  
  47  7:08  Pylon  
  47  7:26  Probe, Adept, Stalker  
  47  7:27  Sentry  
  54  7:38  Probe  
  55  8:06  Pylon  
  55  8:24  Probe  
  56  8:36  Probe  
  58  8:48  Probe  
  58  9:00  Probe  
  59  9:12  Probe  
  60  9:17  Zealot  
  62  9:42  Warp Gate  
  62  10:32  Zealot  
  62  10:55  Zealot  
  43  11:28  Zealot  
  43  11:29  Zealot x2  
  49  11:36  Protoss Air Weapons Level 1  
  49  11:55  Zealot  
  49  11:56  Zealot  
  49  11:57  Sentry  
  55  12:21  Nexus  
  57  12:23  Sentry  
  57  12:29  Zealot  
  61  12:30  Zealot  
  61  12:49  Zealot  
  63  13:16  Pylon  
  63  13:19  Pylon  
  63  13:33  Sentry, Zealot x2  
  69  13:58  Probe  
  69  14:00  Sentry  
  72  14:10  Probe  
  73  14:21  Sentry x2  
  73  14:22  Probe  
  78  14:26  Zealot  
  80  14:34  Probe  
  81  14:46  Probe, Assimilator  
  81  14:47  Zealot x2  
  81  14:50  Assimilator  
  86  14:53  Zealot  
  86  14:58  Probe  
  89  15:10  Probe  
  89  15:14  Zealot  
  92  15:20  Forge  
  86  15:22  Probe  
  87  15:47  Sentry x3  
  93  16:07  Protoss Ground Weapons Level 1  
  93  16:21  Probe  
  94  17:11  Pylon  
  94  17:17  Pylon  
  94  17:27  Pylon  
  94  17:29  Probe, Sentry, Zealot x2  
  101  17:41  Probe  
  102  17:55  Stalker  
  102  17:56  Stalker x2  
  108  18:25  Adept  
  108  18:26  Adept, Zealot  
  82  19:30  Zealot x2  
  82  19:31  Zealot  
  88  19:58  Sentry x3  
  94  20:10  Nexus  
  94  20:19  Protoss Air Armor Level 1  
  94  20:24  Sentry, Stalker x2  
  100  20:32  Protoss Ground Armor Level 1  
  100  20:50  Sentry  
  100  20:54  Sentry x2  
  106  21:17  Sentry  
  108  21:20  Zealot  
  108  21:22  Photon Cannon, Zealot  
  112  21:27  Photon Cannon  
  112  21:30  Photon Cannon  
  112  21:33  Photon Cannon  
  112  21:37  Photon Cannon  
  112  22:21  Photon Cannon  
  112  22:24  Photon Cannon  
  58  23:29  Shield Battery  
  58  23:43  Zealot x3  
  64  24:10  Zealot x3  
  70  24:30  Photon Cannon  
  70  24:32  Photon Cannon  
  70  24:35  Photon Cannon  
  70  24:37  Sentry, Zealot x2  
  70  24:38  Photon Cannon  
  76  24:40  Photon Cannon  
  76  24:59  Forge  
  76  25:04  Sentry x3  
  82  25:09  Assimilator  
  82  25:13  Assimilator  
  82  25:30  Sentry x2  
  82  25:31  Sentry  
  78  27:08  Zealot x3  
  84  27:34  Gateway  
  84  27:35  Zealot x3  
  84  27:36  Gateway  
  90  27:38  Gateway  
  90  28:02  Sentry  
  90  28:03  Sentry x2  
  96  28:26  Zealot x3  
  102  28:29  Sentry x3  
  108  28:53  Sentry x3  
  108  28:55  Stalker x3  
  120  29:15  Pylon  
  120  29:19  Stalker x2  
  120  29:21  Pylon  
  124  29:27  Stalker  
  115  29:49  Adept  
  117  30:02  Zealot x3  
  123  30:15  Zealot  
  125  31:10  Pylon  
  125  31:12  Pylon  
  125  31:16  Pylon  
  125  31:28  Zealot x4  
  125  31:30  Zealot x2  
  137  31:33  Photon Cannon  
  137  31:35  Photon Cannon  
  137  31:37  Photon Cannon  
  137  31:40  Photon Cannon  
  137  31:43  Photon Cannon  
  137  31:47  Shield Battery  
  137  31:49  Shield Battery  
  137  31:51  Shield Battery  
  137  31:52  Shield Battery  
  137  31:55  Shield Battery, Zealot x4  
  137  31:57  Zealot x2  
  149  33:14  Nexus  
  149  33:21  Sentry x2  
  149  33:22  Zealot  
  149  33:28  Sentry  
  149  34:25  Stalker  
  149  34:26  Sentry x4, Zealot  
  161  34:52  Sentry  
  163  35:21  Pylon  
  163  35:24  Pylon  
  163  35:26  Pylon  
  163  35:29  Pylon  
  163  35:38  Stalker  
  163  35:39  Sentry, Stalker x2  
  163  35:42  Stalker  
  173  35:50  Pylon  
  173  35:54  Pylon  
  173  35:58  Pylon  
  173  36:01  Stalker  
  175  36:05  Sentry  
  175  36:08  Stalker  
  175  36:09  Stalker x2  
  183  36:12  Sentry  
  185  36:30  Stalker  
  185  36:32  Sentry  
  189  36:38  Sentry  
  189  36:39  Sentry  
  197  36:40  Sentry x2  
  179  36:58  Sentry  
  179  37:01  Zealot  
  171  37:04  Zealot  
  171  37:05  Zealot  
  171  37:06  Zealot x2  
  133  37:24  Zealot  
  133  37:28  Zealot  
  133  37:32  Stalker, Zealot  
  133  37:33  Stalker, Zealot  
  139  37:55  Stalker  
  141  38:17  Probe  
  142  38:27  Assimilator  
  142  38:29  Probe  
  142  38:31  Assimilator  
  143  38:41  Probe  
  94  41:23  Stalker x2  
  94  41:24  Stalker  
  100  41:31  Stalker x3  
  106  41:53  Stalker x2  
  106  41:54  Stalker  
  112  41:56  Nexus  
  112  42:01  Stalker x3  
  118  42:24  Sentry x3  
  124  42:30  Stalker  
  124  42:31  Stalker x2  
  130  42:50  Sentry x2, Zealot  
  136  43:00  Stalker  
  136  43:01  Sentry x2  
  142  43:16  Zealot x2  
  142  43:17  Zealot  
  148  43:27  Sentry  
  148  43:28  Sentry  
  148  43:31  Zealot  
  66  45:12  Stalker  
  66  45:13  Stalker x2  
  72  45:19  Stalker x2  
  72  45:20  Stalker  
  78  45:42  Stalker  
  78  45:43  Stalker x2  
  78  45:49  Stalker x2  
  88  45:50  Sentry  
  90  46:12  Stalker  
  90  46:13  Sentry x2  
  90  46:16  Sentry  
  98  46:19  Zealot  
  98  46:20  Sentry  
  101  46:39  Sentry x2  
  97  46:42  Zealot  
  97  46:43  Sentry  
  97  46:46  Zealot  
  97  46:47  Zealot  
  101  47:05  Zealot  
  101  47:06  Zealot  
  105  47:09  Zealot  
  105  47:10  Zealot  
  105  47:13  Zealot  
  105  47:14  Zealot  
  113  47:33  Zealot x2  
  113  47:36  Zealot  
  121  47:37  Zealot  
  121  47:40  Zealot  
  121  47:41  Zealot  
  125  49:17  Stalker x3  
  127  49:22  Zealot x3  
  125  49:47  Stalker x3  
  125  49:49  Zealot x3  
  137  50:16  Zealot, Stalker  
  137  50:17  Sentry, Stalker x2  
  147  50:33  Zealot  
  149  50:43  Zealot  
  149  50:44  Sentry  
  149  50:46  Zealot  
  149  50:47  Sentry x2  
  159  51:00  Zealot  
  161  51:10  Zealot x2  
  165  51:13  Zealot x3  
  171  51:27  Zealot  
  173  51:37  Zealot x2  
  177  51:40  Zealot  
Show
View Real Time Build Order
Export as new Build Order

A.I. 1 (Easy) Terran 

Build Orders:  

Get SALT Encoding   

  12  0:00  SCV  
  13  0:13  SCV  
  14  0:19  Supply Depot  
  14  0:25  SCV  
  15  0:40  SCV  
  15  0:42  Barracks  
  16  0:46  Refinery  
  16  1:10  Supply Depot  
  16  1:21  Refinery  
  16  1:28  Orbital Command  
  16  1:30  Barracks Tech Lab  
  16  1:47  Marine  
  17  1:54  SCV  
  18  2:06  SCV, Marauder  
  21  2:08  Supply Depot  
  21  2:18  SCV  
  22  2:27  Marine  
  23  2:30  SCV  
  24  2:42  SCV  
  25  2:45  Marauder  
  27  2:54  SCV  
  28  3:06  Marine  
  29  5:12  SCV, Reaper  
  29  5:13  Supply Depot  
  31  5:22  Factory  
  31  5:24  SCV  
  32  5:36  SCV  
  32  5:37  Supply Depot  
  33  5:43  Marine  
  33  5:48  SCV  
  32  6:01  Marine  
  32  6:02  Command Center  
  29  6:08  Starport  
  29  6:19  Marine  
  30  6:37  Marauder  
  32  6:46  Starport Tech Lab  
  32  6:58  Reaper  
  33  7:06  Raven  
  35  7:14  SCV  
  36  7:19  SCV  
  37  7:22  Refinery  
  37  7:25  Refinery  
  37  7:26  SCV  
  38  7:30  Marine  
  38  7:31  SCV  
  40  7:38  SCV  
  40  7:43  SCV  
  42  7:49  Raven, Marauder  
  42  7:50  SCV  
  47  7:55  SCV  
  48  8:03  SCV  
  49  8:07  SCV  
  49  8:09  Marine  
  51  8:15  SCV  
  51  8:19  SCV  
  53  8:27  SCV  
  53  8:28  Reaper  
  53  8:31  SCV  
  56  8:39  SCV  
  57  8:43  SCV  
  58  8:51  SCV  
  59  8:56  SCV  
  59  9:00  Reaper  
  61  9:03  SCV  
  61  9:05  Supply Depot  
  61  9:08  SCV  
  63  9:15  SCV  
  64  9:31  Marine  
  65  10:02  Medivac, Factory Tech Lab  
  65  10:04  Supply Depot  
  67  10:07  Engineering Bay  
  67  10:20  Cyclone  
  70  10:30  Supply Depot  
  70  10:32  Medivac  
  70  10:35  Terran Infantry Weapons Level 1  
  72  10:53  Siege Tank  
  75  11:02  Raven  
  77  11:21  Marine  
  64  11:39  Marine  
  65  11:43  Command Center  
  65  11:56  Marine  
  65  12:14  Marine  
  66  12:29  Terran Infantry Armor Level 1  
  66  12:32  Marine  
  67  12:50  Marine  
  68  12:56  SCV  
  69  13:00  SCV  
  69  13:01  Refinery  
  69  13:04  SCV  
  71  13:08  SCV, Refinery  
  72  14:46  Armory, Hellion  
  72  14:52  Marine  
  75  15:07  Hellion  
  75  15:09  Marine  
  70  15:21  Raven  
  70  15:27  Marine  
  67  15:29  Siege Tank  
  70  15:36  Terran Infantry Weapons Level 2  
  70  15:37  Terran Vehicle Weapons Level 1  
  70  15:45  Marine  
  71  16:01  Siege Tank  
  71  16:03  Marine  
  75  16:21  Marine  
  76  16:33  Siege Tank  
  76  16:39  Marine  
  80  16:56  Marine  
  81  17:05  Siege Tank  
  84  17:31  Terran Ship Weapons Level 1  
  84  17:38  Command Center  
  84  17:51  Terran Infantry Armor Level 2  
  84  18:14  Widow Mine  
  86  18:43  Widow Mine  
  86  18:47  Marine  
  88  18:58  Refinery  
  77  19:04  Refinery  
  77  19:05  Marine  
  66  19:10  Raven  
  66  19:12  Siege Tank  
  69  19:23  Marine  
  70  19:25  Terran Vehicle And Ship Armor Level 1  
  70  19:41  Marine  
  70  19:44  Thor  
  77  19:59  Marine  
  78  20:16  Marine  
  79  20:27  Siege Tank  
  82  20:33  SCV  
  82  20:34  Marine  
  83  20:52  Marine  
  84  20:59  Siege Tank  
  87  21:07  SCV  
  87  22:22  Marauder  
  89  22:43  Marine  
  84  22:59  Command Center  
  84  23:01  Marauder  
  71  23:17  Raven  
  68  23:22  Marine  
  66  23:40  Marine  
  67  23:59  Marauder  
  69  24:14  Refinery  
  69  24:16  Refinery  
  69  24:19  Marine  
  70  24:37  Marine  
  71  24:55  Marine  
  72  25:13  Marine  
  73  25:31  Marine  
  74  25:48  Marine  
  75  26:07  Marauder  
  75  26:15  Medivac  
  66  26:28  Marine  
  57  26:45  Raven, Marine  
  60  26:49  SCV  
  60  27:03  Marine  
  61  27:21  Marine  
  62  27:28  Raven  
  64  27:39  Marauder  
  66  28:00  Marine  
  67  28:11  Raven  
  69  28:18  Marine  
  70  28:36  Marauder  
  72  28:53  Medivac  
  74  28:57  Marine  
  75  29:15  Marine  
  76  29:22  Command Center  
  76  29:33  Marine  
  67  29:51  Marine  
  64  30:08  Marine  
  65  30:26  Marine  
  66  30:35  Refinery  
  66  30:44  Marine  
  67  31:02  Marauder  
  69  31:10  Refinery  
  69  31:23  Marine  
  70  31:41  Marine  
  71  31:59  Marauder  
  73  32:20  Marine  
  74  32:39  Marauder  
  74  32:40  Siege Tank  
  76  32:59  Marine  
  78  33:13  Hellion  
  78  33:17  Marine  
  78  33:27  Raven  
  77  33:34  Siege Tank  
  73  33:36  Command Center  
  73  33:37  Marauder  
  75  33:58  Marine  
  76  34:06  Hellion  
  78  34:16  Marine  
  79  34:27  Siege Tank  
  82  34:33  Marine  
  83  34:49  Refinery  
  83  34:51  Marine  
  84  34:59  Siege Tank  
  87  35:04  Refinery  
  87  35:09  Marine  
  88  36:19  Cyclone  
  88  36:51  Thor  
  92  36:55  Marine  
  86  37:13  Marine  
  75  37:24  Medivac  
  69  37:31  Marine  
  69  37:35  Siege Tank  
  73  37:48  Marine  
  74  37:54  Raven  
  76  38:06  Marine  
  76  38:10  Siege Tank  
  80  38:24  Marine  
  81  38:36  Viking  
  83  38:43  Marine  
  84  38:53  Siege Tank  
  87  39:02  Marine  
  88  39:20  Marauder  
  90  39:28  Command Center  
  90  40:02  Marine  
  87  40:11  Medivac  
  87  40:13  Cyclone  
  70  40:22  Marine  
  57  40:38  SCV  
  57  40:40  Marauder  
  57  40:41  Raven  
  57  40:42  Refinery  
  54  40:43  SCV  
  54  40:45  Siege Tank  
  54  40:47  SCV  
  54  40:52  SCV  
  54  40:57  SCV  
  56  41:01  Marine  
  56  41:02  SCV  
  58  41:06  SCV  
  58  41:11  SCV  
  52  41:14  Refinery  
  52  41:15  SCV  
  52  41:17  Hellion  
  51  41:19  Marine  
  51  41:20  SCV  
  51  41:24  SCV, Medivac  
  51  41:25  Command Center  
  56  41:28  SCV  
  57  41:33  SCV  
  57  41:37  SCV, Marine  
  57  41:38  Siege Tank  
  63  41:42  SCV  
  63  41:44  Refinery  
  63  41:46  SCV  
  65  41:50  SCV  
  65  41:52  Refinery  
  66  41:54  Marine  
  66  41:55  SCV  
  66  41:59  SCV  
  67  42:03  SCV  
  67  42:08  SCV  
  67  42:12  SCV  
  67  42:13  Marauder  
  69  42:17  SCV  
  69  42:21  SCV, Viking  
  71  42:26  SCV  
  72  42:30  SCV  
  72  42:34  SCV, Marine  
  71  42:39  SCV  
  71  42:43  SCV, Hellion  
  72  42:47  SCV  
  72  42:51  Marine  
  72  42:52  SCV  
  72  42:55  Command Center  
  72  42:57  SCV, Medivac  
  72  43:01  SCV  
  72  43:04  Hellion  
  72  43:06  SCV  
  72  43:07  Refinery  
  72  43:09  Marine  
  72  43:10  SCV  
  75  43:15  SCV  
  75  43:19  SCV  
  75  43:23  SCV  
  75  43:27  Viking  
  78  43:28  SCV, Marauder  
  78  43:33  SCV  
  78  43:37  SCV  
  79  43:41  SCV  
  79  43:46  SCV  
  79  43:48  Marine  
  79  43:50  SCV  
  79  43:55  SCV  
  80  43:56  Medivac  
  80  43:59  SCV  
  80  44:04  SCV  
  80  44:05  Refinery  
  80  44:07  Marauder  
  80  44:08  SCV  
  84  44:12  SCV  
  85  44:17  SCV  
  85  44:21  SCV  
  83  44:26  SCV  
  83  44:28  Marine  
  83  44:30  SCV  
  82  44:35  SCV  
  76  44:39  SCV  
  76  44:44  SCV  
  71  44:45  Marine  
  71  44:48  SCV  
  71  44:50  Medivac  
  62  44:53  SCV  
  62  44:57  SCV  
  54  45:01  SCV  
  54  45:03  Marine  
  54  45:06  SCV  
  57  45:10  SCV  
  58  45:15  SCV  
  58  45:19  SCV  
  58  45:20  Raven  
  62  45:22  Marauder  
  62  45:24  SCV  
  65  45:28  SCV  
  65  45:33  SCV  
  67  45:37  SCV  
  67  45:41  SCV  
  69  45:42  Marine  
  69  45:46  SCV  
  71  46:00  Marine  
  71  46:03  Raven  
  74  46:19  Marauder  
  75  46:39  Marine  
  71  46:57  Marine  
  72  47:15  Marine  
  73  47:27  Siege Tank  
  76  47:36  Marine  
  77  47:53  Marine  
  78  47:59  Siege Tank  
  81  48:11  Marine  
  82  48:31  Siege Tank  
  85  48:54  Viking  
  87  49:17  Marauder  
  76  49:31  Viking  
  64  49:40  Marine  
  50  51:20  Supply Depot  
  50  51:42  Supply Depot  
  50  52:14  Barracks  
  50  52:25  Supply Depot  
  49  53:09  Orbital Command  
  49  53:12  Supply Depot  
  49  53:14  Supply Depot  
  49  53:16  Supply Depot  
  46  53:37  Marine  
  47  53:55  Marine  
  47  53:58  Factory  
  47  54:28  Supply Depot  
Tags
 
Add a new tag
Caveats
  • Supply blocks, unpowered buildings, or Contaminate may cause inaccurate times.
  • Supply counts are checked every 10 seconds.